Map: [ESL] Royal Blood

Players

HeroMarine - Winner!

  • Race: Terran Terran

Classic

  • Race: Protoss Protoss

Event: IEM Katowice 2023

VOD

Have the link to the VOD?

Description

Time

  • Played on: Feb. 9, 2023, 1:28 p.m.
  • Length: 12:15

All games in this series

Show
View Real Time Build Order
Export as new Build Order

HeroMarine Terran - Winner!

Build Orders: Reaper Expand 

Get SALT Encoding   

  12  0:00  SCV  
  13  0:12  SCV  
  14  0:17  Supply Depot  
  14  0:24  SCV  
  15  0:38  SCV  
  15  0:40  Barracks  
  15  0:42  Refinery  
  16  0:50  SCV  
  17  1:02  SCV  
  18  1:15  SCV  
  19  1:26  Reaper  
  19  1:27  Orbital Command  
  20  1:44  Command Center  
  20  1:49  Supply Depot  
  20  1:52  SCV  
  21  1:58  Marine  
  22  2:04  SCV  
  22  2:08  Factory  
  23  2:15  Refinery  
  23  2:16  SCV  
  23  2:20  Barracks Reactor  
  24  2:28  Bunker, SCV  
  25  2:41  SCV  
  26  2:53  SCV, Hellion  
  26  2:54  Starport  
  26  2:57  Orbital Command  
  26  2:58  Marine  
  29  2:59  Marine  
  29  3:05  SCV  
  32  3:14  Factory Tech Lab  
  32  3:16  Marine  
  32  3:17  Marine, SCV  
  35  3:23  SCV, Supply Depot  
  36  3:29  SCV  
  36  3:32  Cyclone  
  36  3:34  Marine  
  40  3:35  Marine  
  40  3:37  SCV  
  40  3:39  Medivac  
  45  3:41  SCV  
  45  3:45  Supply Depot  
  46  3:51  Marine  
  46  3:52  Marine  
  46  3:53  SCV x2  
  50  4:05  SCV, Cyclone  
  50  4:07  SCV  
  50  4:08  Supply Depot  
  50  4:09  Marine  
  56  4:11  Marine  
  56  4:15  Viking  
  59  4:19  SCV x2  
  59  4:23  Supply Depot  
  61  4:27  Marine  
  61  4:29  Marine  
  61  4:31  SCV  
  64  4:33  SCV  
  64  4:37  Siege Tank  
  68  4:40  Supply Depot  
  68  4:43  SCV  
  68  4:45  Marine, SCV  
  71  4:47  Marine  
  72  4:53  Viking  
  72  4:57  SCV  
  71  5:03  Marine  
  71  5:05  Marine  
  72  5:08  SCV  
  72  5:09  Siege Tank, Command Center  
  72  5:10  SCV  
  77  5:20  Marine, SCV  
  79  5:22  Marine, SCV  
  73  5:32  Viking, SCV  
  73  5:34  SCV  
  74  5:38  Marine  
  74  5:40  Marine  
  74  5:41  Siege Tank  
  74  5:42  Barracks x2  
  78  5:44  SCV  
  78  5:46  SCV  
  78  5:49  Refinery x2  
  80  5:51  Engineering Bay  
  80  5:56  Marine, SCV  
  82  5:58  Marine  
  82  5:59  SCV  
  82  6:00  Supply Depot  
  84  6:07  Supply Depot  
  84  6:08  Starport Tech Lab, SCV  
  84  6:11  SCV  
  86  6:18  Barracks  
  86  6:19  Barracks  
  86  6:20  Marine x2  
  86  6:21  SCV  
  86  6:23  SCV  
  90  6:31  Barracks Tech Lab  
  90  6:33  SCV  
  90  6:35  SCV  
  90  6:36  Terran Infantry Weapons Level 1  
  90  6:37  Missile Turret  
  90  6:38  Marine x2, Missile Turret  
  90  6:39  Marine, Stimpack  
  94  6:45  SCV  
  94  6:46  Marine, Combat Shield  
  97  6:47  SCV, Starport Reactor  
  97  6:48  Orbital Command  
  97  6:52  Missile Turret  
  98  6:55  Marine  
  98  6:56  Marine  
  98  6:57  Marine, SCV  
  98  6:59  SCV, Refinery  
  98  7:00  Supply Depot  
  103  7:04  Starport  
  103  7:05  Marauder  
  103  7:07  Factory Reactor  
  103  7:08  Barracks Tech Lab, Barracks Reactor  
  105  7:09  SCV  
  105  7:11  SCV  
  105  7:15  Marine x2  
  109  7:16  Marauder  
  109  7:19  Supply Depot x2  
  109  7:21  SCV  
  112  7:26  Medivac  
  112  7:27  Medivac, Marauder x2  
  118  7:30  SCV x2  
  118  7:31  Refinery  
  118  7:33  SCV  
  118  7:34  Bunker  
  118  7:36  Marine x2, Supply Depot  
  123  7:37  Marauder  
  125  7:45  Marine x2  
  127  7:51  Viking x2  
  127  7:54  Marine x2  
  127  7:55  Marauder  
  127  7:56  Medivac  
  127  7:57  Medivac, SCV x2  
  127  7:58  SCV  
  142  8:01  Supply Depot  
  142  8:03  Marine x2  
  144  8:09  SCV  
  145  8:13  Supply Depot  
  145  8:14  Marauder x2  
  145  8:15  Supply Depot  
  145  8:17  Concussive Shells  
  149  8:22  Marine x2, Viking x2  
  149  8:23  Marauder  
  149  8:24  Supply Depot  
  157  8:31  Terran Infantry Armor Level 1, Supply Depot  
  157  8:34  Marine x2, Viking x2  
  163  8:39  Marauder  
  163  8:40  Marine x2  
  167  8:42  Marauder  
  167  8:46  Marine  
  165  8:50  SCV x3  
  165  8:51  Marine x2  
  158  8:58  Marine x2  
  158  9:00  Marauder  
  147  9:04  Marine, Marauder  
  145  9:11  Marine  
  145  9:14  Marine  
  145  9:15  Marine  
  147  9:22  Marauder x2  
  150  9:24  Marine x2  
  150  9:25  SCV  
  150  9:37  Liberator x3  
  155  9:41  Liberator  
  158  9:47  Marine x5, Marauder  
  158  9:50  Marine  
  166  9:54  SCV x3  
  169  10:05  Marine x4  
  169  10:06  Marauder  
  172  10:08  Marine, Marauder  
  172  10:14  SCV x3  
  167  10:23  Marine x4  
  167  10:26  Marine, SCV x3  
  167  10:27  Marine  
  175  10:29  Marine  
  176  10:39  SCV  
  176  10:40  SCV  
  176  10:41  Marine x2, SCV  
  181  10:53  Marine x2  
  181  10:54  Supply Depot  
  181  11:03  Marine x3  
  181  11:08  Marine x2  
  181  11:10  SCV  
  173  11:11  Marauder x2  
  173  11:12  SCV  
  173  11:14  SCV  
  142  11:21  Marine x2, Marauder  
  142  11:22  SCV  
  142  11:24  SCV  
  128  11:26  Marine x2, SCV  
  128  11:30  Medivac  
  128  11:32  Marine x2  
  128  11:34  SCV  
  128  11:37  SCV  
  128  11:38  Marine x2  
  126  11:41  Medivac x3  
  126  11:43  Marine, Marauder  
  126  11:44  Marine  
  126  11:51  Marauder x2  
  121  11:56  Marine x2  
  121  11:59  SCV  
  124  12:02  SCV x2  
Show
View Real Time Build Order
Export as new Build Order

Classic Protoss 

Build Orders: 1 Gate Expand, Phoenix Opening, Archon Immortal, Colossus Rush 

Get SALT Encoding   

  12  0:00  Probe  
  13  0:12  Probe  
  14  0:17  Pylon  
  14  0:24  Probe (Chrono Boost)  
  15  0:36  Probe (Chrono Boost)  
  15  0:37  Gateway  
  16  0:44  Probe (Chrono Boost)  
  16  0:45  Assimilator  
  17  0:50  Probe  
  18  1:03  Probe  
  19  1:15  Probe  
  20  1:23  Cybernetics Core  
  20  1:31  Nexus  
  20  1:38  Pylon  
  20  1:41  Probe  
  21  1:47  Assimilator  
  21  1:54  Probe  
  22  1:57  Stalker (Chrono Boost)  
  24  2:06  Probe  
  25  2:17  Adept (Chrono Boost)  
  25  2:18  Probe  
  28  2:27  Stargate  
  28  2:30  Probe  
  29  2:39  Adept  
  29  2:43  Probe (Chrono Boost)  
  33  2:46  Probe (Chrono Boost)  
  33  2:53  Warp Gate  
  33  2:56  Probe (Chrono Boost)  
  35  2:59  Probe (Chrono Boost)  
  35  3:01  Probe (Chrono Boost)  
  36  3:07  Probe  
  36  3:11  Probe (Chrono Boost)  
  36  3:12  Pylon, Phoenix  
  41  3:22  Robotics Facility  
  41  3:23  Probe (Chrono Boost)  
  41  3:25  Probe (Chrono Boost)  
  42  3:30  Probe (Chrono Boost)  
  42  3:32  Shield Battery, Probe (Chrono Boost)  
  44  3:37  Probe  
  44  3:38  Gateway  
  45  3:42  Phoenix  
  45  3:45  Probe (Chrono Boost)  
  48  3:49  Probe (Chrono Boost)  
  48  3:52  Pylon  
  48  3:55  Assimilator  
  49  3:58  Assimilator  
  49  4:01  Probe (Chrono Boost)  
  51  4:03  Probe (Chrono Boost)  
  51  4:06  Probe (Chrono Boost)  
  51  4:09  Probe  
  53  4:11  Immortal  
  53  4:15  Phoenix (Chrono Boost)  
  59  4:20  Pylon  
  59  4:26  Pylon  
  59  4:34  Robotics Bay  
  59  4:45  Stalker x2  
  61  5:05  Pylon  
  61  5:07  Probe x2  
  63  5:08  Stalker x2  
  63  5:11  Nexus  
  63  5:13  Pylon  
  67  5:20  Colossus (Chrono Boost)  
  69  5:30  Probe x2  
  69  5:32  Extended Thermal Lance  
  71  5:42  Twilight Council  
  71  5:44  Forge, Probe  
  71  5:45  Probe  
  71  5:48  Shield Battery  
  73  5:51  Zealot, Sentry  
  77  6:01  Charge, Gateway  
  77  6:02  Gateway  
  77  6:09  Shield Battery  
  77  6:15  Colossus (Chrono Boost)  
  83  6:18  Protoss Ground Weapons Level 1 (Chrono Boost)  
  83  6:19  Zealot x2  
  87  6:29  Probe x3  
  87  6:32  Phoenix  
  90  6:36  Gateway  
  90  6:39  Gateway  
  90  6:41  Probe x3  
  90  6:46  Templar Archives  
  93  6:50  Gateway  
  93  6:54  Gateway  
  93  6:55  Probe  
  93  6:57  Probe  
  93  7:00  Probe  
  96  7:04  Pylon, Observer  
  96  7:07  Probe  
  98  7:09  Pylon, Probe  
  98  7:12  Probe  
  98  7:14  Zealot x2  
  104  7:20  Zealot x2  
  108  7:23  Probe x2  
  108  7:24  Probe  
  108  7:25  Assimilator  
  108  7:27  Pylon  
  108  7:29  Warp Prism (Chrono Boost)  
  113  7:42  Probe  
  114  7:44  Pylon  
  114  7:45  High Templar x3, Pylon  
  114  7:46  High Templar  
  114  7:48  Pylon  
  114  7:50  Archon x2  
  122  7:54  Nexus  
  122  8:01  Immortal  
  122  8:04  Robotics Facility  
  126  8:08  Zealot x3  
  132  8:13  Zealot, Protoss Ground Weapons Level 2 (Chrono Boost)  
  133  8:20  Probe x3  
  133  8:23  Pylon, Blink  
  136  8:40  Observer  
  136  8:41  Zealot x7  
  145  8:44  Zealot  
  145  8:48  Pylon  
  153  8:51  Pylon  
  144  9:03  High Templar x2, Zealot x4  
  144  9:04  Zealot  
  144  9:07  Archon  
  144  9:08  Zealot  
  150  9:25  Zealot x5  
  150  9:27  Immortal (Chrono Boost)  
  150  9:28  Pylon  
  150  9:29  Immortal (Chrono Boost)  
  150  9:30  Pylon  
  154  9:47  Nexus  
  154  9:51  High Templar x2  
  154  9:52  High Templar x2  
  160  9:53  Zealot x3  
  160  9:55  Archon  
  160  9:56  Archon  
  160  9:57  Zealot  
  166  10:06  Immortal x2 (Chrono Boost)  
  166  10:19  Zealot x2  
  162  10:23  Zealot x2  
  162  10:24  Zealot x2  
  166  10:30  Zealot x2  
  170  10:42  Disruptor x2  
  171  10:51  Stalker x3  
  177  11:00  Stalker x2  
  177  11:09  Zealot x3  
  167  11:15  Zealot x3  
  103  11:25  Zealot x2  
  58  11:33  Zealot x3  
  58  11:38  Stalker x2  
  67  11:41  Stalker  
  67  11:45  Zealot  
  67  11:46  Zealot  
  50  11:55  Zealot x2  
  50  11:57  Zealot  
  49  12:01  Zealot  
  49  12:03  Zealot  
  49  12:07  Zealot  

Tags
 
Add a new tag
Caveats
  • Supply blocks, unpowered buildings, or Contaminate may cause inaccurate times.
  • Supply counts are checked every 10 seconds.